 Dungeon Crawl Stone Soup version 0.24.0-125-gc4c63601f3 (webtiles) character file.

Game seed: 2964283077923751358, levelgen mode: deterministic

63 Frank2 the Cudgeler (level 3, 0/27 HPs)
             Began as a Demonspawn Gladiator on Mar 5, 2020.
             Killed from afar by an orc wizard (3 damage)
             ... with a puff of frost
             ... on level 3 of the Dungeon.
             The game lasted 00:02:18 (1727 turns).

Frank2 the Cudgeler (Demonspawn Gladiator)          Turns: 1727, Time: 00:02:19

Health: 0/27       AC:  6    Str: 14    XL:     3   Next: 89%
Magic:  3/3        EV: 13    Int:  9    God:
Gold:   172        SH:  0    Dex: 15    Spells: 2/2 levels left

rFire    . . .     SeeInvis .   a - +0 flail
rCold    + . .     Gourm    .   (no shield)
rNeg     . . .     Faith    .   b - +0 leather armour
rPois    .         Spirit   .   c - +2 helmet
rElec    .         Reflect  .   (no cloak)
rCorr    .         Harm     .   (no gloves)
MR       .....                  (no boots)
Stlth    +.........             (no amulet)
HPRegen  0.09/turn              (no ring)
MPRegen  0.08/turn              (no ring)

@: no status effects
A: cold resistance 1, demonic guardian 1
a: no special abilities


You were on level 3 of the Dungeon.
You were not hungry.

You visited 1 branch of the dungeon, and saw 3 of its levels.

You collected 172 gold pieces.

Inventory:

Hand Weapons
 a - a +0 flail (weapon)
Missiles
 d - 3 throwing nets (quivered)
Armour
 b - a +0 leather armour (worn)
 c - a +2 helmet (worn)
Jewellery
 n - an uncursed ring of fire
 s - an uncursed ring of magical power {unknown}
Scrolls
 e - 2 scrolls of remove curse
 l - a scroll of noise {unknown}
 o - a scroll of random uselessness {unknown}
 p - a scroll of blinking {unknown}
 q - 2 scrolls of identify {unknown}
 r - 2 scrolls of teleportation
Potions
 g - a potion of lignification {unknown}
 h - a potion of heal wounds {unknown}
 i - a potion of curing {unknown}
 j - 2 potions of brilliance {unknown}
 k - a potion of degeneration {unknown}
 m - a potion of cancellation {unknown}
Comestibles
 f - 6 rations


   Skills:
 + Level 2.3 Fighting
 + Level 3.5 Maces & Flails
 - Level 1.7 Throwing
 + Level 1.0 Armour
 + Level 3.2 Dodging


You had 2 spell levels left.
You didn't know any spells.
Your spell library was empty.

Dungeon Overview and Level Annotations

Branches:
Dungeon (3/15)

Altars:
Gozag
Sif Muna
Zin
The Shining One


Innate Abilities, Weirdness & Mutations

Your flesh is cold resistant. (rC+)
A weak demonic guardian rushes to your aid.


Message History

The orc wizard is almost dead.
The orc wizard gestures wildly while chanting.
The orc wizard flickers and vanishes!
Deactivating autopickup; reactivate with Ctrl-A.
Something hits you but does no damage.
You barely miss something.
You hear some strange, mumbled words.
You hear a shout!
You hit something but do no damage.
You hear some strange, mumbled words.
A puff of flame appears from out of thin air!
The puff of flame misses you. Something hits you but does no damage.
You closely miss something.
You hear some strange, mumbled words.
A magic dart appears from out of thin air!
The magic dart hits you.
* * * LOW HITPOINT WARNING * * *
You hear some strange, mumbled words.
A puff of frost appears from out of thin air!
The puff of frost hits you. You resist.
You die...

####### #....o#
#...#{# #.oo#@#
#..ยง#.#
#...#.#
#...#.#########
#...#.........#
#..o#########.#
#.# #######.##
.........#


You could see an orc.

Vanquished Creatures
  2 adders
  2 worms (D:2)
  2 dart slugs (D:1)
  A leopard gecko (D:2)
  An orc (D:3)
  A ball python (D:1)
  3 giant cockroaches
  3 goblins
  6 hobgoblins
  A quokka (D:2)
  4 bats
  2 frilled lizards
  6 kobolds
34 creatures vanquished.

Notes
Turn   | Place    | Note
-------+----------+-------------------------------------------
     0 | D:1      | Frank2 the Demonspawn Gladiator began the quest for the
                  | Orb.
     0 | D:1      | Reached XP level 1. HP: 16/16 MP: 1/1
   282 | D:1      | Gained mutation: A weak demonic guardian rushes to your
                  | aid. [demonic ancestry]
   282 | D:1      | Reached XP level 2. HP: 18/22 MP: 2/2
   742 | D:2      | Gained mutation: Your flesh is cold resistant. (rC+)
                  | [demonic ancestry]
   742 | D:2      | Reached XP level 3. HP: 10/27 MP: 3/3
   746 | D:2      | HP: 1/27 [kobold/+0 whip (2)]
  1561 | D:2      | Found a glowing golden altar of the Shining One.
  1573 | D:2      | Found a shimmering blue altar of Sif Muna.
  1574 | D:2      | Found an opulent altar of Gozag.
  1575 | D:2      | Found a glowing silver altar of Zin.
  1679 | D:3      | Reached skill level 1 in Armour
  1727 | D:3      | Killed from afar by an orc wizard

Levels and vault maps discovered:
D:1:      scummos_arrival_simple_crosswalls, layout_rooms, minmay_cut_off
D:2:      layout_basic, minitemple, first_ration
D:3:      layout_basic, nicolae_qazlal_style_of_elements, elyvilon_altar_3,
          okawaru_trees_2, gup_sewer_entry_glass, kennysheep_generic_room_14

Skill      XL: |  1  2  3 |
---------------+----------+-----
Maces & Flails | 3 |  3.5
Dodging        | 3 |  3.2
Armour         | 1 |  1.0
Fighting       | |  2.3
Throwing       | |  1.7

Action                   || total
-------------------------++-------
Melee: Flail             ||   155
  Use: Scroll            ||     4
  Eat: Ration            ||     1
Armor: Leather armour    ||    49
Dodge: Dodged            ||   132
